 Dungeon Crawl Stone Soup version 0.28.0-53-g5a82cb258f (webtiles) character file.

Game seed: 12020606243523300065

308 Zeld the Conjurer (level 6, -1/32 HPs)
             Began as a Gargoyle Conjurer on June 1, 2022.
             Slain by a ball python (2 damage)
             ... on level 4 of the Dungeon.
             The game lasted 00:05:33 (5440 turns).

Zeld the Conjurer (Gargoyle Conjurer)               Turns: 5440, Time: 00:05:33

Health: -1/32      AC:  0    Str: 11    XL:     6   Next: 40%
Magic:  12/12      EV: 13    Int: 20    God:
Gold:   55         SH:  0    Dex:  8    Spells: 2/13 levels left

rFire   . . .      SeeInvis .   (weapon currently unavailable)
rCold   . . .      Faith    .   (shield currently unavailable)
rNeg    + . .      Spirit   .   (armour currently unavailable)
rPois   ∞          Reflect  .   (helmet currently unavailable)
rElec   .          Harm     .   (cloak currently unavailable)
rCorr   .          Rampage  .   (gloves currently unavailable)
Will    .....                   (boots currently unavailable)
Stlth   ++........              (no amulet)
HPRegen 0.10/turn               (ring currently unavailable)
MPRegen 0.13/turn               (ring currently unavailable)

@: pig-form, very quick
A: fast, no casting, sickness immunity, AC +4, small, negative energy resistance
1, (electricity resistance), torment resistance 1, petrification resistance
a: no special abilities


You were on level 4 of the Dungeon.
You were a filthy swine.
You visited 1 branch of the dungeon, and saw 4 of its levels.

You collected 55 gold pieces.

Inventory:

Armour
 a - a +0 robe (melded)
 k - a +0 cloak (melded)
Jewellery
 m - a ring of ice
Wands
 f - a wand of digging (6)
Scrolls
 b - a scroll of torment {unknown}
 c - 4 scrolls of identify {unknown}
 d - 2 scrolls of teleportation {unknown}
 h - a scroll of enchant armour {unknown}
 i - a scroll of vulnerability {unknown}
 j - a scroll of fear {unknown}
Potions
 e - a potion of brilliance {unknown}
 g - a potion of curing {unknown}
 l - a potion of might {unknown}
 n - a potion of heal wounds {unknown}
 o - a potion of lignification {unknown}


   Skills:
 - Level 1.5 Dodging
 + Level 3.2 Stealth
 * Level 4.0 Spellcasting
 + Level 5.3 Conjurations
 - Level 2.0 Hexes
 - Level 2.0 Translocations


You had 2 spell levels left.
You knew the following spells:

 Your Spells              Type           Power      Damage    Failure   Level
a - Magic Dart            Conj           100%       1d8       1%          1
b - Searing Ray           Conj           50%        2d6       2%          2
c - Fulminant Prism       Conj/Hex       9%         3d7       28%         4
d - Iskenderun's Mystic   Conj/Tloc      18%        2d6       28%         4

Your spell library contained the following spells:

 Spells                   Type           Power      Damage    Failure   Level
 Dazzling Flash           Conj/Hex       36%        N/A       9%          3


Dungeon Overview and Level Annotations

Branches:
Dungeon (4/15)
 Temple: D:4-7

Altars:

Annotations:
D:3 Sigmund


Innate Abilities, Weirdness & Mutations

You are a filthy swine.
You move quickly.
Your equipment is almost entirely melded.
You are incapable of wielding weapons or throwing items.
You cannot cast spells.
You are immune to sickness and miasma.
((Your stone body is resilient. (AC +4)))
You are immune to poison.
You resist negative energy. (rN+)
((You are resistant to electric shocks. (rElec)))
You are resistant to unholy torment.
You are immune to petrification.


Message History

There is an escape hatch in the ceiling here.
You can't do that in your present form.
You barely miss the hound skeleton. The hound skeleton closely misses you.
The ball python barely misses you. The ball python completely misses you.
The hound skeleton completely misses you.
You can't do that in your present form.
Unknown command.
Unknown command.
You hit the hound skeleton.
The hound skeleton is moderately damaged.
The ball python completely misses you. The ball python closely misses you.
The hound skeleton closely misses you.
You hit the hound skeleton.
The hound skeleton is moderately damaged.
The ball python bites you. The ball python grabs you.
The ball python constricts you. The hound skeleton bites you.
You hit the hound skeleton.
The hound skeleton is heavily damaged.
The ball python barely misses you. The ball python constricts you.
The hound skeleton bites you.
You closely miss the hound skeleton.
The hound skeleton is heavily damaged.
The ball python bites you. The ball python constricts you.
The hound skeleton bites you.
* * * LOW HITPOINT WARNING * * *
You barely miss the hound skeleton.
The hound skeleton is heavily damaged.
The ball python barely misses you. The ball python constricts you.
* * * LOW HITPOINT WARNING * * *
The hound skeleton bites you.
* * * LOW HITPOINT WARNING * * *
You escape the ball python's grasp.
The hound skeleton closely misses you. The ball python closely misses you.
The ball python grabs you.
You stop ascending the stairs.
The ball python constricts you.
* * * LOW HITPOINT WARNING * * *
The hound skeleton bites you.
* * * LOW HITPOINT WARNING * * *
You escape the ball python's grasp.
The hound skeleton closely misses you. The ball python bites you.
You die...

#### S# .... .#
..... .#
.....####.#####
.......h.......
.......ZS.#####
..........+
....>..<..#
..........#
.....######
..$.# .... ...


You could see a ball python and a hound skeleton.

Vanquished Creatures
  A scorpion (D:3)
  Crazy Yiuf (D:2)
  An iguana (D:3)
  Terence (D:2)
  Jessica (D:2)
  4 adders (D:3)
  3 gnolls (D:3)
  4 dart slugs
  An orc (D:3)
  8 endoplasms
  5 giant cockroaches
  5 goblins
  6 hobgoblins
  2 quokkas
  3 ball pythons
  7 bats
  3 frilled lizards
  5 kobolds
  8 rats
69 creatures vanquished.

Notes
Turn   | Place    | Note
-------+----------+-------------------------------------------
     0 | D:1      | Zeld the Gargoyle Conjurer began the quest for the Orb.
     0 | D:1      | Reached XP level 1. HP: 10/10 MP: 3/3
   141 | D:1      | Reached XP level 2. HP: 3/15 MP: 0/5
   144 | D:1      | Learned a level 2 spell: Searing Ray
   765 | D:1      | Reached skill level 1 in Translocations
   992 | D:1      | Reached skill level 1 in Hexes
   992 | D:1      | Reached XP level 3. HP: 19/19 MP: 0/6
  1265 | D:1      | Found a faded altar of an unknown god.
  1681 | D:2      | Found a runed translucent door.
  1682 | D:2      | Noticed Crazy Yiuf
  1729 | D:2      | Noticed Jessica
  1736 | D:2      | Killed Jessica
  1737 | D:2      | Reached XP level 4. HP: 24/24 MP: 0/8
  2417 | D:2      | Noticed Terence
  2445 | D:3      | Noticed Sigmund
  2813 | D:2      | Killed Terence
  2814 | D:2      | Reached XP level 5. HP: 18/28 MP: 3/9
  3170 | D:2      | Killed Crazy Yiuf
  3902 | D:3      | Reached skill level 5 in Conjurations
  3940 | D:3      | Reached XP level 6. HP: 19/32 MP: 0/11
  4127 | D:3      | Learned a level 4 spell: Fulminant Prism
  4132 | D:3      | Learned a level 4 spell: Iskenderun's Mystic Blast
  5439 | D:4      | HP: 1/32 [hound skeleton (1)]
  5440 | D:4      | Slain by a ball python

Illustrated notes

Levels and vault maps discovered:
D:1:      elethiomel_arrival_shortcut, layout_rooms,
          chequers_ecumenical_altar_lobes, st_stairs_9, minivault_11,
          serial_bayou_pond_a
D:2:      layout_loops_ring, uniq_jessica, uniq_terence, uniq_crazy_yiuf_cottage
D:3:      layout_basic, minmay_fountain_box, uniq_sigmund
D:4:      layout_basic, serial_shops, kennysheep_little_box, saegor_snake_ambush

Skill      XL: |  1  2  3  4  5  6 |
---------------+-------------------+-----
Translocations | 1 2 |  2.0
Hexes          | 1 2 |  2.0
Spellcasting   | 3 4 |  4.0
Conjurations   | 5 |  5.3
Stealth        | 3 |  3.2
Dodging        | |  1.5

Action                   |  1- 3 |  4- 6 || total
-------------------------+-------+-------++-------
Melee: Unarmed           |    35 |    34 ||    69
       Punch             |       |     1 ||     1
 Cast: Magic Dart        |    57 |    27 ||    84
       Searing Ray       |     1 |    39 ||    40
 Stab: Sleeping          |     1 |       ||     1
Armor: Robe              |    33 |    39 ||    72
Dodge: Dodged            |    37 |    80 ||   117
